 Dungeon Crawl Stone Soup version 0.29-a0-271-gd4eb659eea (webtiles) character file.

Game seed: 269561676473568098

3019 Morbidden the Ruffian (level 9, -2/83 HPs)
             Began as a Troll Air Elementalist on Mar 8, 2022.
             Was a Follower of Cheibriados.
             Killed from afar by a steam dragon (16 damage)
             ... with a ball of steam
             ... on level 7 of the Dungeon.
             The game lasted 00:12:19 (6681 turns).

Morbidden the Ruffian (Troll Air Elementalist)      Turns: 6681, Time: 00:12:19

Health: -2/83      AC:  6    Str: 20    XL:     9   Next: 55%
Magic:  13/13      EV: 11    Int: 17    God:    Cheibriados [*.....]
Gold:   255        SH:  0    Dex: 12    Spells: 8/15 levels left

rFire   . . .      SeeInvis +     - Unarmed
rCold   . . .      Faith    .   (no shield)
rNeg    . . .      Spirit   .   a - +0 robe
rPois   .          Reflect  +   (helmet restricted)
rElec   .          Harm     .   F - +1 cloak
rCorr   .          Rampage  .   (gloves unavailable)
Will    .....                   (boots unavailable)
Stlth   +.........              g - amulet of reflection
HPRegen 1.03/turn               c - ring of see invisible
MPRegen 0.13/turn               (no ring)

@: confused, ambrosia-drunk, very slow
A: large, unfitting armour, claws 3, regeneration 1, shaggy fur 1, tough skin 1
a: Renounce Religion, Bend Time


You were on level 7 of the Dungeon.
You worshipped Cheibriados.
Cheibriados was aware of your devotion.
You visited 2 branches of the dungeon, and saw 8 of its levels.
You also visited: Sewer.

You collected 255 gold pieces.

Inventory:

Missiles
 r - 2 boomerangs (quivered)
 u - 16 poisoned darts
 E - 3 javelins
Armour
 a - a +0 robe (worn)
 D - a scarf of repulsion
 F - a +1 cloak (worn)
Magical Staves
 b - a staff of air
Jewellery
 c - a ring of see invisible (left claw)
 g - an amulet of reflection (around neck)
Wands
 e - a wand of acid (4)
 x - a wand of flame (11)
Scrolls
 h - a scroll of noise {unknown}
 j - 3 scrolls of teleportation
 l - a scroll of enchant armour
 n - a scroll of immolation
 p - a scroll of summoning
 s - 2 scrolls of amnesia
 y - a scroll of torment
 A - a scroll of fog
 B - a scroll of magic mapping
 C - a scroll of fear
Potions
 f - 4 potions of curing {unknown}
 i - 2 potions of brilliance {unknown}
 k - a potion of might {unknown}
 m - a potion of flight
 o - 3 potions of resistance {unknown}
 q - 2 potions of attraction
 t - a potion of lignification {unknown}
 v - a potion of invisibility {unknown}
 w - a potion of heal wounds {unknown}
 z - a potion of mutation {unknown}


   Skills:
 * Level 3.3 Fighting
 + Level 0.6 Throwing
 * Level 4.5 Dodging
 + Level 1.3 Stealth
 + Level 1.7 Shields
 + Level 5.5 Unarmed Combat
 * Level 3.7 Spellcasting
 * Level 3.8 Conjurations
 * Level 4.1 Air Magic
 * Level 1.4 Invocations


You had 8 spell levels left.
You knew the following spells:

 Your Spells              Type           Power      Damage    Failure   Level
a - Shock                 Conj/Air       64%        1d7       3%          1
b - Static Discharge      Conj/Air       16%        N/A       4%          2
c - Airstrike             Air            8%         N/A       28%         4

Your spell library contained the following spells:

 Spells                   Type           Power      Damage    Failure   Level
 Swiftness                Air            17%        N/A       9%          3
 Corpse Rot               Necr/Air       20%        N/A       11%         2
 Sting                    Tmut/Pois      12%        1d3       16%         1
 Ozocubu's Armour         Ice            3%         N/A       43%         3
 Dispel Undead            Necr           3%         3d7       85%         4
 Summon Ice Beast         Ice/Summ       3%         N/A       85%         4
 Death Channel            Necr           1%         N/A       100%        6
 Ozocubu's Refrigeration  Ice            1%         4d5       100%        7
 Dragon's Call            Summ           1%         N/A       100%        9


Dungeon Overview and Level Annotations

Branches:
Dungeon (7/15)             Temple (1/1) D:6           Sewer (visited)

Altars:
Ashenzari
Cheibriados
Dithmenos
Elyvilon
Gozag
Hepliaklqana
Makhleb
Nemelex Xobeh
Okawaru
Qazlal
Ru
Sif Muna
Trog
Uskayaw
Vehumet
Wu Jian
Xom
Yredelemnul
Zin
The Shining One

Shops:
D:2 :

Annotations:
D:4 3 runed translucent doors, TheWayOfAllFlesh's ghost, amateur HOFi
D:6 2 runed translucent doors, feta's ghost, novice DrCj


Innate Abilities, Weirdness & Mutations

You are too large for most types of armour.
You have claws for hands.
Your natural rate of healing is unusually fast.
You are covered in fur. (AC +1)
You have tough skin. (AC +1)


Message History

* * * LOW HITPOINT WARNING * * *
You block the steam dragon's attack.
The steam dragon claws you but does no damage.
You block the steam dragon's attack. The steam dragon claws you.
* * * LOW HITPOINT WARNING * * *
Unknown command.
Unknown command.
Unknown command.
You are confused.
You feel invigorated. The steam dragon bites you.
* * * LOW HITPOINT WARNING * * *
The steam dragon closely misses you. x2; The steam dragon claws you.
* * * LOW HITPOINT WARNING * * *
You are now empty-clawed.
Unknown command.
The steam dragon closely misses you.
The steam dragon claws you but does no damage.
The steam dragon closely misses you.
The steam dragon claws you but does no damage.
The steam dragon bites you!
* * * LOW HITPOINT WARNING * * *
The steam dragon closely misses you. The steam dragon bites you!
* * * LOW HITPOINT WARNING * * *
The steam dragon misses you.
Unknown command.
The steam dragon attacks as you move away!
The steam dragon completely misses you. The steam dragon misses you.
The steam dragon bites you.
* * * LOW HITPOINT WARNING * * *
The steam dragon claws you.
* * * LOW HITPOINT WARNING * * *
Unknown command.
Unknown command.
Unknown command.
You barely miss the fungus. The steam dragon breathes steam at you.
The ball of steam misses you. The steam dragon breathes steam at you.
The ball of steam hits you!
You die...

.............###.≈#
..............#P.P#
...............#≈.P#
...............#≈.≈#
..........#....#^..#
......#+#.######P..#
.............###≈..##
.............##≈≈..^##
.............##§@D≈..#
.............#.P.D..≈.#
...).........#P^....P≈#
...........####^....≈≈#
####.####### #≈≈...P##
#.#.....# ###.PP##
#.#.###.# #####
#.#.#..<# #.#.#.#.#


You could see 2 steam dragons.

Vanquished Creatures
  Pikel (D:5)
  Sigmund (D:4)
  A wyvern (D:5)
  A water moccasin (D:5)
  3 sky beasts
  2 black bears (D:5)
  An ogre (D:5)
  A phantom (D:6)
  A kobold brigand (Sewer)
  5 scorpions
  5 wights (D:6)
  4 electric eels (D:6)
  2 howler monkeys
  3 hounds
  A jelly (D:5)
  An orc priest (D:3)
  2 gnoll shamans
  2 iguanas
  An orc wizard (D:6)
  12 gnolls
  9 adders
  4 river rats
  2 shadow imps (D:6)
  A white imp (D:7)
  An ufetubus (D:6)
  6 worms
  2 dart slugs
  21 orcs
  11 endoplasms
  2 giant cockroaches
  5 goblins
  8 hobgoblins
  5 jackals
  2 quokkas
  8 ball pythons
  5 bats
  3 frilled lizards
  14 kobolds
  7 rats
166 creatures vanquished.

Vanquished Creatures (others)
  4 fungi (D:7)
  13 plants
17 creatures vanquished.

Grand Total: 183 creatures vanquished

Notes
Turn   | Place    | Note
-------+----------+-------------------------------------------
     0 | D:1      | Morbidden the Troll Air Elementalist began the quest for
                  | the Orb.
     0 | D:1      | Reached XP level 1. HP: 16/16 MP: 1/1
    76 | D:1      | Reached XP level 2. HP: 24/24 MP: 3/3
   734 | D:2      | Found Qunowku's Book Shop.
   852 | D:2      | Reached XP level 3. HP: 28/31 MP: 4/4
   891 | D:2      | Found a faded altar of an unknown god.
   957 | D:2      | Reached skill level 1 in Conjurations
  1218 | D:2      | Reached skill level 1 in Unarmed Combat
  1226 | D:2      | Reached XP level 4. HP: 26/39 MP: 5/5
  1487 | D:3      | Noticed a scorpion
  1495 | D:3      | Killed a scorpion
  1496 | D:3      | Reached XP level 5. HP: 38/46 MP: 0/6
  1644 | D:3      | Reached skill level 2 in Unarmed Combat
  1655 | D:3      | HP: 1/46 [orc priest/divine providence (17)]
  1936 | D:3      | Learned a level 2 spell: Static Discharge
  2044 | D:3      | Reached skill level 1 in Fighting
  2401 | D:3      | Reached XP level 6. HP: 22/55 MP: 2/7
  2561 | D:4      | Noticed Sigmund
  2840 | D:4      | Identified the +3 ring mail of the Bulwark {rPois}
  2847 | D:4      | Reached skill level 3 in Unarmed Combat
  2981 | D:4      | Killed Sigmund
  2982 | D:4      | Reached XP level 7. HP: 62/62 MP: 9/9
  3157 | D:4      | Found a runed translucent gate.
  3157 | D:4      | Found a runed translucent gate.
  3157 | D:4      | Found a runed translucent gate.
  3159 | D:4      | Noticed TheWayOfAllFlesh's ghost (amateur HOFi)
  3186 | D:5      | Entered Level 5 of the Dungeon
  3313 | D:5      | Reached skill level 4 in Unarmed Combat
  3410 | D:5      | Reached XP level 8. HP: 71/72 MP: 10/10
  3421 | D:5      | Found a glowing drain.
  3430 | Sewer    | Entered a sewer
  4043 | D:5      | Reached skill level 1 in Shields
  4328 | D:5      | Noticed Pikel
  4345 | D:5      | Killed Pikel
  4346 | D:5      | Reached skill level 5 in Unarmed Combat
  4453 | D:5      | Reached XP level 9. HP: 81/81 MP: 7/12
  4527 | D:5      | Got the Volume of Supportive Transformation
  4881 | D:6      | Found a staircase to the Ecumenical Temple.
  4902 | Temple   | Entered the Ecumenical Temple
  5087 | Temple   | Became a worshipper of Cheibriados the Contemplative
  5660 | D:6      | Found a runed translucent door.
  5721 | D:6      | Learned a level 4 spell: Airstrike
  5822 | D:6      | Reached skill level 1 in Invocations
  5857 | D:6      | Reached * piety under Cheibriados
  5935 | D:6      | Found a runed translucent door.
  5943 | D:6      | Noticed feta's ghost (novice DrCj)
  6681 | D:7      | Killed from afar by a steam dragon

Illustrated notes

Levels and vault maps discovered:
D:1:      minmay_arrival_nine_rooms, layout_loops_ring
D:2:      layout_basic, serial_shops, shop, chequers_ecumenical_altar_twisty,
          chequers_serial_rivers_large_b, serial_bayou_pond_a
D:3:      layout_basic, amcnicky_mini_corridor_feature
D:4:      layout_rooms, gammafunk_ghost_necromancy, uniq_sigmund
D:5:      layout_basic, portal_sewer_entry_e, sigmund_army, uniq_pikel
D:6:      layout_basic, minmay_temple_entry_stoned_glass, ebering_ghost_sewer_f,
          minmay_holes, chequers_big_river, kennysheep_pointless_box,
          chequers_serial_rivers_micro_e
D:7:      kennysheep_steamy, layout_basic, serial_shops, nicolae_lakefront_shop,
          skrybe_limestone_x
Temple:   mainiacjoe_temple_archimedes_tessellation

Skill      XL: |  1  2  3  4  5  6  7  8  9 |
---------------+----------------------------+-----
Dodging        | 2 3 4 |  4.5
Conjurations   | 1 2 3 |  3.8
Unarmed Combat | 1 2 3 4 5 |  5.5
Fighting       | 1 2 3 |  3.3
Spellcasting   | 2 3 |  3.7
Air Magic      | 3 4 |  4.1
Shields        | 1 |  1.7
Invocations    | 1 |  1.4
Throwing       | |  0.6
Stealth        | |  1.3

Action                   |  1- 3 |  4- 6 |  7- 9 || total
-------------------------+-------+-------+-------++-------
Melee: Unarmed           |   141 |   127 |   231 ||   499
       Punch             |     1 |     3 |     3 ||     7
Throw: Boomerang         |       |     1 |    22 ||    23
 Cast: Shock             |       |    38 |   103 ||   141
       Static Discharge  |       |     1 |    11 ||    12
Evoke: Wand              |       |       |     6 ||     6
  Use: Potion            |       |     4 |     1 ||     5
       Scroll            |       |       |    13 ||    13
 Stab: Sleeping          |     3 |     1 |     1 ||     5
       Distracted        |     1 |       |       ||     1
Armor: Robe              |    36 |    28 |    42 ||   106
Dodge: Dodged            |    66 |    59 |   141 ||   266
Block: Other             |    10 |    27 |    64 ||   101
       Reflection        |       |       |     2 ||     2

Table legend: (Time is in decaauts)
 A = Elapsed time spent in this place.
 B = Non-inter-level travel time spent in this place.
 C = Inter-level travel time spent in this place.
 D = Time resting spent in this place.
 E = Time spent auto-exploring this place.
 F = Levels seen in this place.
 G = Mean time per level.
                   A        B        C        D        E       F      G
               +--------+--------+--------+--------+--------+-----+--------+
         Total |   7139 |   6834 |    305 |    343 |   4995 |   9 |  793.2 |
       Dungeon |   6243 |   5997 |    246 |    343 |   4284 |   7 |  891.9 |
        Temple |    245 |    187 |     58 |      0 |    162 |   1 |  245.0 |
         Sewer |    650 |    650 |      0 |      0 |    549 |   1 |  650.0 |
               +--------+--------+--------+--------+--------+-----+--------+

Top non-repeatable levels by time:
     D:6: 1677 daAuts
     D:3: 1316 daAuts
     D:5: 1089 daAuts
     D:1: 710 daAuts
     D:2: 677 daAuts
   Sewer: 650 daAuts
     D:4: 486 daAuts
     D:7: 286 daAuts
  Temple: 245 daAuts
